 Dungeon Crawl Stone Soup version 0.27-a0-124-g19cb506db8 (webtiles) character file.

Game seed: 15695234251178802064

25685 kae the Grappler (level 12, -9/159 HPs)
             Began as a White Draconian Transmuter on Jan 26, 2021.
             Was a Priest of Ru.
             Mangled by a five-headed hydra (10 damage)
             ... on level 3 of the Lair of Beasts.
             The game lasted 00:17:56 (24849 turns).

kae the Grappler (White Draconian Transmuter)      Turns: 24849, Time: 00:17:57

Health: -9/159     AC: 30    Str: 16    XL:     12   Next: 91%
Magic:  0/24       EV:  2    Int: 15    God:    Ru [***...]
Gold:   682        SH:  0    Dex: 12    Spells: 14/27 levels left

rFire    . . .     SeeInvis .     - Unarmed
rCold    . . .     Faith    .   (no shield)
rNeg     + + +     Spirit   +   (armour unavailable)
rPois    +         Reflect  .   (helmet currently unavailable)
rElec    .         Harm     .   (cloak currently unavailable)
rCorr    .         Rampage  .   (gloves currently unavailable)
Will     .....     NoTele   +   (boots currently unavailable)
Stlth    ..........             w - amulet of guardian spirit
HPRegen  0.36/turn              F - +4 ring of protection
MPRegen  0.19/turn              o - ring of wizardry

@: lethally poisoned (-9 -> -12), tree-form, extremely horrified
A: (breathe frost), unfitting armour, screaming 1, no stealth, hated by all,
cowardly, AC +8
a: Renounce Religion, Sacrifice Artifice, Sacrifice Nimbleness, Sacrifice Drink,
Reject Sacrifices, Draw Out Power


You were on level 3 of the Lair of Beasts.
You worshipped Ru.
Ru was most pleased with you.
You were a tree.
You visited 3 branches of the dungeon, and saw 16 of its levels.
You also visited: Ossuary.

You collected 786 gold pieces.
You spent 104 gold pieces at shops.

Inventory:

Armour
 x - a +0 pair of gloves (melded)
 G - a +2 hat (melded)
Jewellery
 d - an uncursed ring of resist corrosion
 f - a +4 ring of evasion
 g - an uncursed amulet of reflection
 o - a ring of wizardry (right branch)
 w - an amulet of guardian spirit (around neck)
 A - a +4 ring of protection
 F - a +4 ring of protection (left branch)
Wands
 a - a wand of paralysis (15)
 B - a wand of iceblast (19)
 E - a wand of mindburst (11)
Scrolls
 b - 7 scrolls of enchant weapon
 j - 5 scrolls of remove curse
 s - 4 scrolls of identify
 u - a scroll of fear
 v - 5 scrolls of teleportation
 C - a scroll of fog
Potions
 e - 2 potions of invisibility
 h - a potion of magic
 i - 3 potions of ambrosia
 k - 2 potions of attraction
 l - 8 potions of curing
 m - 2 potions of haste
 n - a potion of might
 p - 6 potions of flight
 q - a potion of cancellation
 r - 3 potions of resistance
 t - a potion of mutation
 z - 2 potions of heal wounds
 D - a potion of brilliance


   Skills:
 + Level 9.7 Fighting
 + Level 8.2 Dodging
 * Level 12.6 Unarmed Combat
 + Level 8.4 Spellcasting
 + Level 9.1 Transmutations
 - Level 5.0 Ice Magic
 - Level 3.0 Poison Magic


You had 14 spell levels left.
You knew the following spells:

 Your Spells              Type           Power        Failure   Level
a - Beastly Appendage     Tmut           42%          1%          1
b - Spider Form           Tmut/Pois      7%           1%          3
c - Ice Form              Ice/Tmut       17%          2%          4
d - Blade Hands           Tmut           10%          3%          5

Your spell library contained the following spells:

 Spells                   Type           Power        Failure   Level
 Passwall                 Tmut/Erth      10%          1%          2
 Wereblood                Tmut           21%          1%          2
 Apportation              Tloc           6%           4%          1
 Corona                   Hex            3%           4%          1
 Magic Dart               Conj           12%          4%          1
 Sandblast                Erth           6%           4%          1
 Blink                    Tloc           N/A          7%          2
 Slow                     Hex            3%           7%          2
 Petrify                  Tmut/Erth      12%          8%          4
 Mephitic Cloud           Conj/Pois/Air  5%           9%          3
 Conjure Flame            Conj/Fire      3%           14%         3
 Stone Arrow              Conj/Erth      6%           14%         3
 Lee's Rapid Deconstruct  Erth           1%           75%         5
 Animate Skeleton         Necr           Unusable     N/A         1
 Summon Small Mammal      Summ           Unusable     N/A         1
 Call Imp                 Summ           Unusable     N/A         2

Dungeon Overview and Level Annotations

Branches:
Dungeon (12/15)            Temple (1/1) D:4            Lair (3/6) D:8
 Shoals (0/4) Lair:2       Spider (0/4) Lair:2          Orc (0/2) D:10
Ossuary (visited)

Altars:
Ashenzari
Cheibriados
Dithmenos
Elyvilon
Fedhas
Gozag
Hepliaklqana
Kikubaaqudgha
Makhleb
Nemelex Xobeh
Okawaru
Qazlal
Ru
Sif Muna
Trog
Uskayaw
Vehumet
Wu Jian
Xom
Yredelemnul
Zin
The Shining One

Shops:
D:7 =   D:10 *   D:11 }

Annotations:
D:5 Pikel
Lair:2 2 transporters, Toral's ghost, journeyman BaSk
Lair:3 Gastronok


Innate Abilities, Weirdness & Mutations

((You can breathe waves of freezing cold.))
((You can buffet flying creatures when you breathe cold.))
((Your icy white scales are hard. (AC +8)))
You cannot fit into any form of body armour.
((Your flesh is cold resistant. (rC+)))
You occasionally shout uncontrollably at your foes.
((You are cold-blooded and may be slowed by cold attacks.))
You cannot be stealthy.
You are hated by all.
Your cowardice makes you less effective in combat with threatening monsters.


Message History

* * * LOW HITPOINT WARNING * * *
The killer bee buzzes angrily.
The killer bee stings you.
* * * LOW HITPOINT WARNING * * *
The killer bee stings you but does no damage.
You hear an angry buzzing noise.
You hit the killer bee.
You kill the killer bee!
* * * LOW HITPOINT WARNING * * *
You feel sick.
The killer bee is stunned by your conviction and fails to attack.
The killer bee stings you.
* * * LOW HITPOINT WARNING * * *
You redirect the blink frog's attack!
The blink frog hits you but does no damage.
The killer bee is stunned by your conviction and fails to attack.
The five-headed hydra bites you but does no damage. x2
The five-headed hydra completely misses you.
The five-headed hydra bites you!
You die...

....F..##...F..
####.###.....####......
....y......# #......y
#..........# #.......
#.........# ##.......
.##.........# #........
..#........P# #.....#..
...#..Dyy.$# ####.####
......y♣y..# # #.##
......†yF..#.# ###
##.##....#..##
##.......# ##†....## ##
#####......# .##
####...........P# ..##
##...............$
...##
##................#


You could see a five-headed hydra, a queen bee, a blink frog and 5 killer bees.

Vanquished Creatures
  A boulder beetle (D:11)
  A hydra (Lair:3)
  A queen ant (D:8)
  2 two-headed ogres
  2 unseen horrors
  A lindwurm (Lair:2)
  An ugly thing (D:11)
  A manticore (D:11)
  Joseph (D:8)
  2 black mambas (Lair:1)
  A cane toad (Lair:1)
  2 torpor snails
  Psyche (D:8)
  Maggie (D:6)
  A komodo dragon (Lair:3)
  A rime drake (Lair:2)
  A kobold demonologist (D:11)
  6 blink frogs (Lair:3)
  Grinder (D:5)
  A snapping turtle (Lair:2)
  A shadow (D:11)
  2 water elementals (D:11)
  2 wyverns
  3 redbacks (Lair:2)
  22 yaks
  A wraith (D:10)
  Grum (D:8)
  2 basilisks (Lair:1)
  Menkaure (D:4)
  4 water moccasins
  A soldier ant (D:8)
  Duvessa (D:4)
  2 ice beasts
  12 orc warriors
  A sky beast (D:9)
  A black bear (D:10)
  3 phantoms
  7 ogres
  6 centaurs
  18 wolves
  3 lemures (D:5)
  Blork the orc (D:5)
  14 bullfrogs
  Dowan (D:4)
  11 scorpions
  2 water moccasin skeletons
  13 killer bees (Lair:3)
  3 wights (D:11)
  11 electric eels
  3 howler monkeys (D:9)
  2 bullfrog zombies
  2 centaur zombies
  A quasit (D:9)
  4 hounds
  3 human zombies (Ossuary)
  2 jellies
  2 bullfrog skeletons
  2 centaur skeletons (D:10)
  11 orc priests
  Jessica (D:3)
  10 iguanas
  18 worker ants
  Natasha (thrice) (D:4)
  4 orc wizards
  3 mummies (Ossuary)
  16 adders
  7 gnolls
  A howler monkey skeleton (D:7)
  5 scorpion zombies (Ossuary)
  A shadow imp (D:8)
  3 white imps
  2 ufetubi
  An ooze (D:3)
  An adder skeleton (D:5)
  An adder zombie (D:8)
  6 worms
  5 dart slugs
  7 leopard geckos
  23 orcs
  7 bats
  3 giant cockroaches
  14 goblins
  5 hobgoblins
  22 jackals
  4 quokkas
  A ball python (D:4)
  10 frilled lizards
  2 gnoll zombies (Ossuary)
  8 kobolds
  2 kobold zombies (Ossuary)
  A leopard gecko skeleton (D:6)
  A leopard gecko zombie (D:5)
  6 orc zombies (Ossuary)
  7 rats
422 creatures vanquished.

Vanquished Creatures (others)
  A blink frog (Lair:3)
  A wolf (Lair:2)
  A killer bee (Lair:3)
  3 orcs (D:10)
  16 fungi
  35 plants
57 creatures vanquished.

Grand Total: 479 creatures vanquished

Notes
Turn   | Place    | Note
-------+----------+-------------------------------------------
     0 | D:1      | kae the Draconian Transmuter began the quest for the Orb.
     0 | D:1      | Reached XP level 1. HP: 16/16 MP: 3/3
   182 | D:1      | Reached XP level 2. HP: 17/23 MP: 5/5
  1137 | D:2      | Reached XP level 3. HP: 26/28 MP: 4/6
  1144 | D:2      | Learned a level 3 spell: Spider Form
  1178 | D:2      | Found a basalt altar of Yredelemnul.
  1726 | D:2      | Found an ancient bone altar of Kikubaaqudgha.
  1770 | D:2      | Reached XP level 4. HP: 32/36 MP: 7/7
  1846 | D:2      | Reached skill level 1 in Poison Magic
  1898 | D:2      | HP: 1/36 [worm (12)]
  2677 | D:2      | Reached skill level 4 in Unarmed Combat
  2677 | D:2      | Reached XP level 5. HP: 37/41 MP: 4/8
  3607 | D:3      | Found a burning altar of Makhleb.
  3607 | D:3      | Found a hide-covered altar of Uskayaw.
  3663 | D:3      | Reached XP level 6. HP: 29/50 MP: 7/10
  3869 | D:3      | Found a shadowy altar of Dithmenos.
  4056 | D:3      | Found a snail-covered altar of Cheibriados.
  4058 | D:3      | Noticed Jessica
  4071 | D:3      | Killed Jessica
  4136 | D:4      | Found a sand-covered staircase.
  4176 | Ossuary  | Entered an ossuary
  4406 | Ossuary  | Learned a level 4 spell: Ice Form
  4496 | Ossuary  | Your scales start taking on an icy white colour.
  4496 | Ossuary  | Reached skill level 1 in Ice Magic
  4496 | Ossuary  | Reached XP level 7. HP: 48/56 MP: 8/11
  4496 | Ossuary  | Gained mutation: Your flesh is cold resistant. (rC+) [White
                  | Draconian growth]
  4679 | Ossuary  | Reached skill level 5 in Unarmed Combat
  5538 | D:4      | Noticed Dowan
  5540 | D:4      | Reached XP level 8. HP: 33/66 MP: 11/13
  5544 | D:4      | Noticed Duvessa
  5548 | D:4      | Noticed Menkaure
  5558 | D:4      | Killed Duvessa
  5590 | D:4      | Killed Dowan
  5938 | D:4      | Killed Menkaure
  5939 | D:4      | Reached skill level 6 in Unarmed Combat
  6414 | D:4      | Found an iron altar of Okawaru.
  6529 | D:4      | Noticed Natasha
  6538 | D:4      | Killed Natasha
  6624 | D:4      | Found a staircase to the Ecumenical Temple.
  6912 | D:4      | Noticed Natasha
  6917 | D:4      | Killed Natasha
  7074 | Temple   | Entered the Ecumenical Temple
  7134 | Temple   | Became a worshipper of Ru the Awakened
  7298 | D:4      | Found an iron altar of Okawaru.
  7399 | D:4      | Noticed Natasha
  7407 | D:4      | Killed Natasha
  7843 | D:5      | Entered Level 5 of the Dungeon
  8174 | D:5      | Noticed Blork the orc
  8176 | D:5      | Found a glowing silver altar of Zin.
  8186 | D:5      | Killed Blork the orc
  8340 | D:5      | Reached skill level 7 in Unarmed Combat
  8357 | D:5      | Noticed Pikel
  8360 | D:5      | Noticed Grinder
  8387 | D:5      | Paralysed by Grinder for 5 turns
  8738 | D:5      | Reached XP level 9. HP: 59/73 MP: 3/15
  8944 | D:5      | Killed Grinder
  8945 | D:5      | Reached skill level 5 in Fighting
  9087 | D:5      | Reached skill level 5 in Transmutations
  9545 | D:6      | Gained mutation: You are hated by all. [Ru sacrifice]
  9545 | D:6      | Reached * piety under Ru
  9935 | D:6      | Noticed Maggie
  9944 | D:6      | Killed Maggie
 10164 | D:6      | Found a stormy altar of Qazlal.
 10409 | D:7      | Reached skill level 5 in Spellcasting
 10602 | D:7      | Reached skill level 8 in Unarmed Combat
 10992 | D:7      | Reached skill level 5 in Dodging
 11105 | D:7      | Reached skill level 5 in Ice Magic
 11170 | D:7      | Found a glowing golden altar of the Shining One.
 11176 | D:7      | Found Gifa's Jewellery Emporium.
 11575 | D:7      | Reached XP level 10. HP: 83/83 MP: 13/17
 11676 | D:8      | Learned a level 5 spell: Blade Hands
 11978 | D:8      | Found a staircase to the Lair.
 12004 | D:8      | Noticed Psyche
 12006 | D:8      | Noticed Joseph
 12283 | D:8      | Killed Joseph
 12326 | D:8      | Killed Psyche
 12363 | D:8      | Noticed Grum
 12368 | D:8      | Reached skill level 9 in Unarmed Combat
 12381 | D:8      | Killed Grum
 12666 | D:8      | Found a sparkling altar of Nemelex Xobeh.
 12667 | D:8      | Found an opulent altar of Gozag.
 12688 | D:8      | Gained mutation: You occasionally shout uncontrollably at
                  | your foes. [Ru sacrifice]
 12688 | D:8      | Reached ** piety under Ru
 12780 | D:8      | Noticed a queen ant
 12804 | D:8      | Killed a queen ant
 14091 | D:9      | Noticed a two-headed ogre
 14100 | D:9      | Killed a two-headed ogre
 14710 | D:9      | Reached XP level 11. HP: 92/92 MP: 16/20
 14858 | D:10     | Entered Level 10 of the Dungeon
 14899 | D:9      | Killed an unseen horror
 14900 | D:9      | Reached skill level 10 in Unarmed Combat
 15626 | D:10     | Found Quboc's Assorted Antiques.
 15645 | D:10     | Noticed an unseen horror
 15648 | D:10     | Killed an unseen horror
 16020 | D:10     | Bought a scroll labelled VIUQ TUQUO for 26 gold pieces
 16020 | D:10     | Bought a scroll labelled HAGETOM CADO for 26 gold pieces
 16020 | D:10     | Bought a scroll of identify for 52 gold pieces
 16129 | D:10     | Gained mutation: You cannot be stealthy. [Ru sacrifice]
 17052 | D:10     | Found a staircase to the Orcish Mines.
 17290 | D:11     | Noticed a two-headed ogre
 17291 | D:11     | Noticed a cyan ugly thing
 17312 | D:11     | Killed a two-headed ogre
 17317 | D:11     | Killed a cyan ugly thing
 17825 | D:11     | Reached skill level 11 in Unarmed Combat
 18182 | D:11     | Noticed a boulder beetle
 18193 | D:11     | Killed a boulder beetle
 18512 | D:11     | Found Uludwagi's Gadget Shoppe.
 19326 | D:12     | Noticed a deep elf mage
 19327 | D:12     | Noticed a death knight
 19339 | D:12     | Paralysed by a hornet for 3 turns
 19777 | Lair:1   | Entered Level 1 of the Lair of Beasts
 19785 | Lair:1   | Reached XP level 12. HP: 102/102 MP: 18/23
 20175 | Lair:1   | Gained mutation: Your cowardice makes you less effective in
                  | combat with threatening monsters. [Ru sacrifice]
 20175 | Lair:1   | Reached *** piety under Ru
 21990 | Lair:2   | Found a hole to the Spider Nest.
 22576 | Lair:2   | Reached skill level 12 in Unarmed Combat
 22848 | Lair:2   | Found a transporter.
 22867 | Lair:2   | Identified the +1 trident of Moral Flaws {antimagic, Dex+5}
 22893 | Lair:2   | Found a bloodstained altar of Trog.
 22897 | Lair:2   | Identified the +11 spear of the Lair of Beasts {flame, rF++
                  | rC+ Dex+2}
 22897 | Lair:2   | Identified the +3 leather armour "Guorch" {*Drain rN+ rCorr
                  | Str+4}
 22902 | Lair:2   | Found a transporter.
 22902 | Lair:2   | Noticed Toral's ghost (journeyman BaSk)
 23021 | Lair:2   | Found a staircase to the Shoals.
 23223 | Lair:3   | Noticed Gastronok
 24400 | Lair:3   | Noticed a four-headed hydra
 24409 | Lair:3   | HP: 2/105 [ten-headed hydra (5)]
 24410 | Lair:3   | Killed an 11-headed hydra
 24839 | Lair:3   | Noticed a five-headed hydra
 24848 | Lair:3   | HP: 3/159 [killer bee (5)]
 24849 | Lair:3   | HP: 1/159 [killer bee (1)]
 24849 | Lair:3   | Mangled by a five-headed hydra

Illustrated notes

Levels and vault maps discovered:
D:1:      lightli_arrival_statue_moat, layout_loops_cross
D:2:      layout_basic, old_standard_altar, lemuel_coloured_pillars_altar,
          serial_co_window_serial, co_window_corner_a, co_window_corner_a,
          co_window_corner_a, co_window_of_opportunity_a, co_window_corner_a,
          co_window_paths_b, co_window_corner_a, co_window_unsneaky_path_e,
          co_window_paths_c, co_window_broadway_c, co_window_4corner_a,
          glass_columns_a, glass_columns_b
D:3:      layout_rooms, nicolae_dithmenos_through_a_glass_darkly,
          kennysheep_slug_shrine, gammafunk_temple_overflow_wave, uniq_jessica
D:4:      layout_loops_ring, kennysheep_okawaru_gauntlet,
          minmay_temple_entry_statues, enter_ossuary_1, uniq_natasha,
          uniq_menkaure, uniq_duvessa
D:5:      layout_loops_ring, zin_academy, grunt_ministairs_1,
          uniq_blork_the_orc, uniq_pikel, uniq_grinder
D:6:      layout_loops_cross, lemuel_round_altar, uniq_maggie
D:7:      layout_basic, kennysheep_mini, serial_shops, shop
D:8:      layout_loops_ring, grunt_temple_overflow_opulence, lair_entry_dummy,
          minmay_another_anthill, uniq_psyche, uniq_grum, uniq_joseph
D:9:      layout_rooms, serial_co_window_serial, co_window_paths_b,
          co_window_paths_b, co_window_corner_a, co_window_of_opportunity_a,
          co_window_paths_b, co_window_of_opportunity_a, co_window_corner_a,
          co_window_broadway_c, co_window_broadway_c, co_window_corner_ca,
          co_window_cross_3, co_window_broadway_c, glass_columns_b,
          glass_columns_a, glass_columns_a
D:10:     layout_cave_pools, erik_orc_2, serial_shops, shop_fountains,
          glass_columns_a, hangedman_decor_clover_reticule
D:11:     layout_loops_ring, serial_bayou, serial_bayou_pond_b,
          serial_bayou_pond_c, serial_bayou_shore_a, serial_bayou_ford_a,
          serial_shops, shop, kennysheep_dice
D:12:     gammafunk_the_bubble [the_bubble_gammafunk_crates], layout_basic,
          gammafunk_ghost_ooze
Temple:   zaba_magenta_temple
Lair:1:   layout_cave_pods, grunt_forest_small_clearing_treed
Lair:2:   layout_chaotic_city, minmay_shoals_entry_hut, spider_nest_entry_webs,
          gammafunk_ghost_wrathful_warriors, chequers_serial_rivers_marsh,
          minivault_23, serial_bayou_lake_a
Lair:3:   layout_cave_pods, special_room [special_room_bee], uniq_gastronok

Skill      XL: |  1  2  3  4  5  6  7  8  9 10 11 12 |
---------------+-------------------------------------+-----
Dodging        | 2 3 4 5 6 7 8 |  8.2
Poison Magic   | 1 2 3 |  3.0
Fighting       | 2 3 4 6 7 8 9 |  9.7
Unarmed Combat | 4 5 7 8 9 11 12 | 12.6
Transmutations | 3 4 5 6 8 9 |  9.1
Spellcasting   | 3 4 5 6 7 8 |  8.4
Ice Magic      | 1 3 5 |  5.0

Action                   |  1- 3 |  4- 6 |  7- 9 | 10-12 || total
-------------------------+-------+-------+-------+-------++-------
Melee: Unarmed           |   125 |   206 |   431 |   646 ||  1408
       Tailslap          |    10 |     5 |    18 |    42 ||    75
       Kick              |    17 |     6 |       |       ||    23
       Headbutt          |     8 |     3 |       |       ||    11
       Punch             |       |       |     2 |    15 ||    17
 Cast: Beastly Appendage |    23 |    13 |       |       ||    36
       Spider Form       |       |    15 |    33 |     2 ||    50
       Ice Form          |       |       |    22 |    30 ||    52
       Blade Hands       |       |       |       |    57 ||    57
Invok: Sacrifice Love    |       |       |     1 |       ||     1
       Sacrifice Purity  |       |       |       |     1 ||     1
       Sacrifice Stealth |       |       |       |     1 ||     1
       Sacrifice Courage |       |       |       |     1 ||     1
 Abil: Breathe Frost     |       |       |     1 |     3 ||     4
       End Transformatio |       |       |       |     1 ||     1
  Use: Scroll            |     2 |     4 |    15 |    11 ||    32
       Potion            |       |     2 |     1 |     4 ||     7
 Stab: Sleeping          |       |     1 |     6 |       ||     7
       Invisible         |       |       |       |     5 ||     5
Armor: Skin              |    40 |    28 |    36 |   328 ||   432
Dodge: Dodged            |    83 |   146 |   327 |   515 ||  1071

Table legend: (Time is in decaauts)
 A = Elapsed time spent in this place.
 B = Non-inter-level travel time spent in this place.
 C = Inter-level travel time spent in this place.
 D = Time resting spent in this place.
 E = Time spent auto-exploring this place.
 F = Levels seen in this place.
 G = Mean time per level.
                   A        B        C        D        E       F      G
               +--------+--------+--------+--------+--------+-----+--------+
         Total |  24694 |  24003 |    691 |   2347 |  18394 |  17 | 1452.6 |
       Dungeon |  18258 |  17622 |    636 |   2290 |  12844 |  12 | 1521.5 |
        Temple |     77 |     61 |     16 |      0 |     57 |   1 |   77.0 |
          Lair |   5040 |   5003 |     37 |     54 |   4478 |   3 | 1680.0 |
       Ossuary |   1317 |   1317 |      0 |      3 |   1014 |   1 | 1317.0 |
               +--------+--------+--------+--------+--------+-----+--------+

Top non-repeatable levels by time:
    D:11: 2514 daAuts
  Lair:2: 2486 daAuts
     D:4: 2121 daAuts
    D:10: 2116 daAuts
     D:2: 1919 daAuts
  Lair:1: 1721 daAuts
     D:8: 1660 daAuts
     D:7: 1593 daAuts
     D:9: 1494 daAuts
     D:3: 1464 daAuts
 Ossuary: 1317 daAuts
     D:5: 1238 daAuts
     D:1: 1055 daAuts
     D:6: 1053 daAuts
  Lair:3: 833 daAuts
